PCL
LANSING LUGNUTS @ ALBUQUERQUE ISOTOPES
08/31/2025
 
TOP OF THE 1ST
Lansing Lugnuts batting - Pitching for Albuquerque Isotopes : RHP César De La Cruz
Pitching: RHP César De La Cruz
Batting: LHB Iván Salas 0-0: Ball
1-0: Called Strike
1-1: Ball
2-1: Ball
3-1: Base on Balls
Batting: LHB Sam Barnes 0-0: Called Strike
0-1: Grounds into double play, 4-6-3 (Groundball, 4)
Batting: RHB Billy Campbell 0-0: Called Strike
0-1: Fly out, F4 (Line Drive, 4)
Top of the 1st over - 0 run(s), 0 hit(s), 0 error(s), 0 left on base; Lansing 0 - Albuquerque 0
BOTTOM OF THE 1ST
Albuquerque Isotopes batting - Pitching for Lansing Lugnuts : RHP Enrique Valdés
Pitching: RHP Enrique Valdés
Batting: RHB Pablo Sandoval 0-0: Ball
1-0: Ball
2-0: Ball
3-0: Base on Balls
Batting: SHB Edward Bartlett 0-0: Ball
1-0: SINGLE (Groundball, 4MD)
Pablo Sandoval to second
Batting: RHB Edward Young 0-0: Ball
1-0: Grounds into double play, 6-4-3 (Groundball, 6M)
Pablo Sandoval to third
Batting: SHB Lee Townsend 0-0: Ball
1-0: Ball
2-0: Ball
3-0: Base on Balls
Batting: LHB Luis Espinoza 0-0: Ball
1-0: Ball
2-0: Ball
3-0: Called Strike
3-1: Called Strike
3-2: Fly out, F8 (Flyball, 8LD)
Bottom of the 1st over - 0 run(s), 1 hit(s), 0 error(s), 2 left on base; Lansing 0 - Albuquerque 0
TOP OF THE 2ND
Lansing Lugnuts batting - Pitching for Albuquerque Isotopes : RHP César De La Cruz
Batting: LHB Tom Mullins 0-0: Ball
1-0: Called Strike
1-1: Ground out 5-3 (Groundball, 56S)
Batting: RHB David Murray 0-0: Foul Ball, location: 2F
0-1: Foul Ball, location: 2F
0-2: Ball
1-2: Foul Ball, location: 2F
1-2: Ball
2-2: SOLO HOME RUN (Flyball, 7D), Distance : 370 ft
Batting: RHB Cris Fuentes 0-0: Ball
1-0: Called Strike
1-1: Fly out, F9 (Flyball, 9S)
Batting: RHB Ken Fingers 0-0: Ball
1-0: Called Strike
1-1: Ball
2-1: Swinging Strike
2-2: Strikes out swinging
Top of the 2nd over - 1 run(s), 1 hit(s), 0 error(s), 0 left on base; Lansing 1 - Albuquerque 0
BOTTOM OF THE 2ND
Albuquerque Isotopes batting - Pitching for Lansing Lugnuts : RHP Enrique Valdés
Batting: RHB Arturo García 0-0: Ball
1-0: Ball
2-0: Foul Ball, location: 2F
2-1: SINGLE (Line Drive, 9LS)
Batting: LHB Bernardo Montés 0-0: Called Strike
0-1: Ball
1-1: Foul Ball, location: 2F
1-2: Ball
2-2: Ball
3-2: Base on Balls
Arturo García to second
Batting: RHB Rick Ayliffe 0-0: Fly out, F9 (Flyball, 9M)
Batting: RHB Alden Isenhood 0-0: Called Strike
0-1: Swinging Strike
0-2: Grounds into double play, 5-4-3 (Groundball, 5)
Bottom of the 2nd over - 0 run(s), 1 hit(s), 0 error(s), 1 left on base; Lansing 1 - Albuquerque 0
TOP OF THE 3RD
Lansing Lugnuts batting - Pitching for Albuquerque Isotopes : RHP César De La Cruz
Batting: RHB Lorne Barnes 0-0: Called Strike
0-1: Ball
1-1: Called Strike
1-2: Ball
2-2: DOUBLE (Flyball, 78M)
Batting: RHB Félix García 0-0: Called Strike
0-1: DOUBLE (Line Drive, 7D)
Lorne Barnes scores
Batting: LHB Iván Salas 0-0: Ground out U3 (Groundball, 3L)
Félix García to third
Batting: LHB Sam Barnes 0-0: Foul Ball, location: 2F
0-1: Ball
1-1: Swinging Strike
1-2: Ball
2-2: Fly out, F5 (Popup, 56)
Batting: RHB Billy Campbell 0-0: Called Strike
0-1: Ball
1-1: Foul Ball, location: 2F
1-2: Ball
2-2: SINGLE (Groundball, 56)
Félix García scores
Batting: LHB Tom Mullins 0-0: SINGLE (Line Drive, 34)
Billy Campbell to second
Batting: RHB David Murray 0-0: Foul Ball, location: 2F
0-1: Swinging Strike
0-2: Ball
1-2: Foul Ball, location: 2F
1-2: Ball
2-2: Ball
3-2: Base on Balls
Billy Campbell to third
Tom Mullins to second
Batting: RHB Cris Fuentes 0-0: Called Strike
0-1: Ball
1-1: Ball
2-1: Fly out, F9 (Line Drive, 89S)
Top of the 3rd over - 2 run(s), 4 hit(s), 0 error(s), 3 left on base; Lansing 3 - Albuquerque 0
BOTTOM OF THE 3RD
Albuquerque Isotopes batting - Pitching for Lansing Lugnuts : RHP Enrique Valdés
Batting: RHB Pablo Sandoval 0-0: Foul Ball, location: 2F
0-1: Swinging Strike
0-2: Ground out 6-3 (Groundball, 6M)
Batting: SHB Edward Bartlett 0-0: Ball
1-0: Called Strike
1-1: Foul Ball, location: 2F
1-2: DOUBLE (Line Drive, 8RM)
Batting: RHB Edward Young 0-0: Ball
1-0: Foul Ball, location: 2F
1-1: Ball
2-1: Ball
3-1: SINGLE (Line Drive, 56D)
Edward Bartlett to third
Batting: SHB Lee Townsend 0-0: Ball
1-0: Fly out, F7 (Flyball, 7D)
Runner from 3rd tags up, SCORES, no throw
Batting: LHB Luis Espinoza 0-0: Swinging Strike
0-1: Ball
1-1: Ball
2-1: Foul Ball, location: 2F
2-2: Ball
Edward Young steals 2nd base
3-2: Foul Ball, location: 2F
3-2: Ground out 4-3 (Groundball, 34)
Bottom of the 3rd over - 1 run(s), 2 hit(s), 0 error(s), 1 left on base; Lansing 3 - Albuquerque 1
TOP OF THE 4TH
Lansing Lugnuts batting - Pitching for Albuquerque Isotopes : RHP César De La Cruz
Batting: RHB Ken Fingers 0-0: Foul Ball, location: 2F
0-1: Foul Ball, location: 2F
0-2: Ball
1-2: Strikes out looking
Batting: RHB Lorne Barnes 0-0: Ball
1-0: Ground out 4-3 (Groundball, 34)
Batting: RHB Félix García 0-0: Foul Ball, location: 2F
0-1: Ball
1-1: Swinging Strike
1-2: Ball
2-2: Ground out 5-3 (Groundball, 5S)
Top of the 4th over - 0 run(s), 0 hit(s), 0 error(s), 0 left on base; Lansing 3 - Albuquerque 1
BOTTOM OF THE 4TH
Albuquerque Isotopes batting - Pitching for Lansing Lugnuts : RHP Enrique Valdés
Batting: RHB Arturo García 0-0: Ball
1-0: Ball
2-0: Ball
3-0: Base on Balls
Batting: LHB Bernardo Montés 0-0: Ball
1-0: Ball
2-0: Called Strike
2-1: Ball
Arturo García is caught stealing 2nd base
3-1: SINGLE (Line Drive, 56D)
Batting: RHB Rick Ayliffe 0-0: Swinging Strike
0-1: Ball
1-1: DOUBLE (Flyball, 8LS)
Bernardo Montés to third
Batting: RHB Alden Isenhood 0-0: Called Strike
0-1: Ball
1-1: Ball
2-1: Ground out 3-1 (Groundball, 3)
Batting: RHB Pablo Sandoval 0-0: Foul Ball, location: 2F
0-1: Ball
1-1: Ball
2-1: Fly out, F7 (Flyball, 7LSF)
Bottom of the 4th over - 0 run(s), 2 hit(s), 0 error(s), 2 left on base; Lansing 3 - Albuquerque 1
TOP OF THE 5TH
Lansing Lugnuts batting - Pitching for Albuquerque Isotopes : RHP César De La Cruz
Batting: LHB Iván Salas 0-0: Foul Ball, location: 2F
0-1: Foul Ball, location: 2F
0-2: Ball
1-2: Ball
2-2: Ball
3-2: Foul Ball, location: 2F
3-2: Base on Balls
Batting: LHB Sam Barnes 0-0: Ball
1-0: Called Strike
1-1: Ball
2-1: Called Strike
2-2: Ball
3-2: Base on Balls
Iván Salas to second
Batting: RHB Billy Campbell 0-0: Called Strike
0-1: Called Strike
0-2: Strikes out swinging
Batting: LHB Tom Mullins 0-0: Called Strike
0-1: Ball
1-1: Ball
2-1: Swinging Strike
2-2: Ball
3-2: Foul Ball, location: 2F
3-2: Base on Balls
Iván Salas to third
Sam Barnes to second
Batting: RHB David Murray 0-0: Ball
1-0: Fly out, F9 (Flyball, 89M)
Batting: RHB Cris Fuentes 0-0: Foul Ball, location: 2F
0-1: DOUBLE (Line Drive, 9LD)
Iván Salas scores
Sam Barnes scores
Tom Mullins to third
Runner from 3rd tries for Home, SAFE, no throw or cutoff
Batting: RHB Ken Fingers 0-0: Called Strike
0-1: Swinging Strike
0-2: Ball
1-2: Strikes out swinging
Top of the 5th over - 3 run(s), 1 hit(s), 0 error(s), 1 left on base; Lansing 6 - Albuquerque 1
BOTTOM OF THE 5TH
Albuquerque Isotopes batting - Pitching for Lansing Lugnuts : RHP Enrique Valdés
Batting: SHB Edward Bartlett 0-0: Called Strike
0-1: Ball
1-1: Ball
2-1: Ball
3-1: Fly out, F7 (Flyball, 78M)
Batting: RHB Edward Young 0-0: Swinging Strike
0-1: Swinging Strike
0-2: Ground out 5-3 (Groundball, 56)
Batting: SHB Lee Townsend 0-0: Foul Ball, location: 2F
0-1: Called Strike
0-2: Ball
1-2: Ground out 4-3 (Groundball, 34)
Bottom of the 5th over - 0 run(s), 0 hit(s), 0 error(s), 0 left on base; Lansing 6 - Albuquerque 1
TOP OF THE 6TH
Lansing Lugnuts batting - Pitching for Albuquerque Isotopes : RHP César De La Cruz
Batting: RHB Lorne Barnes 0-0: Ball
1-0: Ball
2-0: Swinging Strike
2-1: Ball
3-1: Fly out, F9 (Flyball, 89S)
Pitching: RHP Kenny Skinner
Batting: RHB Félix García 0-0: Called Strike
0-1: Ball
1-1: Ball
2-1: Foul Ball, location: 2F
2-2: Ball
3-2: Base on Balls
Batting: LHB Iván Salas 0-0: Ball
1-0: Called Strike
1-1: Swinging Strike
1-2: Foul Ball, location: 2F
1-2: Strikes out looking
Batting: LHB Sam Barnes 0-0: Called Strike
0-1: Called Strike
0-2: Foul Ball, location: 2F
0-2: Fly out, F2 (Popup, 25F)
Top of the 6th over - 0 run(s), 0 hit(s), 0 error(s), 1 left on base; Lansing 6 - Albuquerque 1
BOTTOM OF THE 6TH
Albuquerque Isotopes batting - Pitching for Lansing Lugnuts : RHP Enrique Valdés
Batting: LHB Luis Espinoza 0-0: Foul Ball, location: 2F
0-1: Swinging Strike
0-2: Strikes out swinging
Batting: RHB Arturo García 0-0: Called Strike
0-1: Ball
1-1: Foul Ball, location: 2F
1-2: Ground out 4-3 (Groundball, 4M)
Batting: LHB Bernardo Montés 0-0: Ground out 4-3 (Groundball, 34)
Bottom of the 6th over - 0 run(s), 0 hit(s), 0 error(s), 0 left on base; Lansing 6 - Albuquerque 1
TOP OF THE 7TH
Lansing Lugnuts batting - Pitching for Albuquerque Isotopes : RHP Kenny Skinner
Batting: RHB Billy Campbell 0-0: Foul Ball, location: 2F
0-1: Foul Ball, location: 2F
0-2: Strikes out swinging
Batting: LHB Tom Mullins 0-0: SINGLE (Line Drive, 4)
Batting: RHB David Murray 0-0: Foul Ball, location: 2F
0-1: Called Strike
0-2: Foul Ball, location: 2F
0-2: SINGLE (Flyball, 8LS)
Tom Mullins to second
Batting: RHB Cris Fuentes 0-0: Foul Ball, location: 2F
0-1: Foul Ball, location: 2F
0-2: Ground out 2-3 (Groundball, 25)
Tom Mullins to third
David Murray to second
Batting: RHB Ken Fingers 0-0: Called Strike
0-1: Fly out, F7 (Line Drive, 78M)
Top of the 7th over - 0 run(s), 2 hit(s), 0 error(s), 2 left on base; Lansing 6 - Albuquerque 1
BOTTOM OF THE 7TH
Albuquerque Isotopes batting - Pitching for Lansing Lugnuts : RHP Enrique Valdés
Pitching: RHP Juan Rodríguez
Batting: RHB Rick Ayliffe 0-0: Ball
1-0: Foul Ball, location: 2F
1-1: Ball
2-1: Swinging Strike
2-2: Strikes out swinging
Batting: RHB Alden Isenhood 0-0: Called Strike
0-1: DOUBLE (Flyball, 9LS)
Batting: RHB Pablo Sandoval 0-0: Called Strike
Alden Isenhood is caught stealing 3rd base
0-1: Swinging Strike
0-2: Ball
1-2: Foul Ball, location: 2F
1-2: Strikes out looking
Bottom of the 7th over - 0 run(s), 1 hit(s), 0 error(s), 0 left on base; Lansing 6 - Albuquerque 1
TOP OF THE 8TH
Lansing Lugnuts batting - Pitching for Albuquerque Isotopes : RHP Kenny Skinner
Pitching: RHP Unissa Hondo
Batting: RHB Lorne Barnes 0-0: Fly out, F8 (Flyball, 8LM)
Batting: RHB Félix García 0-0: Ball
1-0: Foul Ball, location: 2F
1-1: Ball
2-1: Foul Ball, location: 2F
2-2: SOLO HOME RUN (Flyball, 7D), Distance : 387 ft
Batting: LHB Iván Salas 0-0: Called Strike
0-1: Foul Ball, location: 2F
0-2: Ball
1-2: Ball
2-2: Ball
3-2: Foul Ball, location: 2F
3-2: Fly out, F7 (Flyball, 8LS)
Batting: LHB Sam Barnes 0-0: Ball
1-0: Ground out 4-3 (Groundball, 4)
Top of the 8th over - 1 run(s), 1 hit(s), 0 error(s), 0 left on base; Lansing 7 - Albuquerque 1
BOTTOM OF THE 8TH
Albuquerque Isotopes batting - Pitching for Lansing Lugnuts : RHP Juan Rodríguez
Now in LF: Taki Chikafuji
Batting: SHB Edward Bartlett 0-0: Ball
1-0: Called Strike
1-1: Called Strike
1-2: Ground out 4-3 (Groundball, 4)
Batting: RHB Edward Young 0-0: Ball
1-0: Called Strike
1-1: Foul Ball, location: 2F
1-2: Foul Ball, location: 2F
1-2: Ball
2-2: Ball
3-2: Foul Ball, location: 2F
3-2: Foul Ball, location: 2F
3-2: Ground out 6-3 (Groundball, 6)
Batting: SHB Lee Townsend 0-0: Called Strike
0-1: Called Strike
0-2: Ball
1-2: Ball
2-2: Foul Ball, location: 2F
2-2: Ball
3-2: Strikes out looking
Bottom of the 8th over - 0 run(s), 0 hit(s), 0 error(s), 0 left on base; Lansing 7 - Albuquerque 1
TOP OF THE 9TH
Lansing Lugnuts batting - Pitching for Albuquerque Isotopes : RHP Unissa Hondo
Batting: RHB Billy Campbell 0-0: Swinging Strike
0-1: Swinging Strike
0-2: Ball
1-2: Ball
2-2: Ball
3-2: Ground out 6-3 (Groundball, 6M)
Batting: LHB Tom Mullins 0-0: Hit by Pitch
Batting: RHB David Murray 0-0: Called Strike
0-1: Foul Ball, location: 2F
0-2: Ball
1-2: Ball
2-2: Fly out, F8 (Flyball, 8RS)
Batting: RHB Cris Fuentes 0-0: Called Strike
0-1: Foul Ball, location: 2F
0-2: Foul Ball, location: 2F
0-2: Foul Ball, location: 2F
0-2: Foul Ball, location: 2F
0-2: Ball
1-2: Foul Ball, location: 2F
1-2: Ball
2-2: Ball
3-2: Ground out 1-3 (Groundball, 23)
Top of the 9th over - 0 run(s), 0 hit(s), 0 error(s), 1 left on base; Lansing 7 - Albuquerque 1
BOTTOM OF THE 9TH
Albuquerque Isotopes batting - Pitching for Lansing Lugnuts : RHP Juan Rodríguez
Pitching: RHP Jesús Sosa
Now at C: Douglas Davis
Batting: LHB Luis Espinoza 0-0: Called Strike
0-1: Foul Ball, location: 2F
0-2: Foul Ball, location: 2F
0-2: Foul Ball, location: 2F
0-2: Strikes out looking
Batting: RHB Arturo García 0-0: Ball
1-0: Ball
2-0: Called Strike
2-1: Called Strike
2-2: Strikes out swinging
Batting: LHB Bernardo Montés 0-0: Called Strike
0-1: Ball
1-1: Ground out 6-3 (Groundball, 6)
Bottom of the 9th over - 0 run(s), 0 hit(s), 0 error(s), 0 left on base; Lansing 7 - Albuquerque 1
This league is powered by Out of the Park Baseball, the baseball management simulation game for PC, Mac and Linux
Tuesday, August 2nd, 2016 - OOTP Baseball 16.8 Build 38